Map: Newkirk Precinct TE (Void)

Players

ShoWTimE

  • Race: Protoss Protoss
  • Spawn Location: 5:00

INnoVation - Winner!

  • Race: Terran Terran
  • Spawn Location: 7:00

Event: IEM XI Katowice - World Championship 2017

VOD

https://www.youtube.com/watch?v=dqbWig3MFfE&t=14s

Description

Time

  • Played on: March 3, 2017, 12:03 p.m.
  • Length: 13:26
Show
View Real Time Build Order
Export as new Build Order

ShoWTimE Protoss 

Build Orders: 1 Gate Expand, Phoenix Opening 

Get SALT Encoding   

  12  0:00  Probe (Chrono Boost)  
  13  0:11  Probe (Chrono Boost)  
  14  0:18  Pylon  
  14  0:22  Probe (Chrono Boost)  
  15  0:36  Probe (Chrono Boost)  
  15  0:37  Gateway  
  16  0:43  Assimilator  
  16  0:46  Probe (Chrono Boost)  
  17  0:57  Probe (Chrono Boost)  
  18  1:08  Probe (Chrono Boost)  
  19  1:21  Nexus  
  19  1:24  Probe (Chrono Boost)  
  20  1:33  Cybernetics Core  
  20  1:38  Probe (Chrono Boost)  
  21  1:43  Assimilator  
  21  1:48  Probe (Chrono Boost)  
  22  1:55  Pylon  
  22  1:59  Probe (Chrono Boost)  
  23  2:13  Adept, Mothership Core (Chrono Boost)  
  27  2:20  Warp Gate  
  27  2:31  Probe (Chrono Boost)  
  27  2:33  Probe (Chrono Boost)  
  29  2:42  Probe (Chrono Boost)  
  31  2:44  Probe (Chrono Boost)  
  31  2:50  Stargate  
  31  2:53  Probe (Chrono Boost)  
  31  2:54  Pylon, Adept  
  31  2:55  Probe (Chrono Boost)  
  34  3:04  Probe (Chrono Boost)  
  34  3:05  Probe (Chrono Boost)  
  34  3:16  Probe x2 (Chrono Boost)  
  36  3:26  Probe (Chrono Boost)  
  37  3:29  Probe (Chrono Boost)  
  37  3:32  Phoenix  
  38  3:37  Probe (Chrono Boost)  
  38  3:41  Probe (Chrono Boost)  
  42  3:47  Probe (Chrono Boost)  
  43  3:53  Phoenix, Probe (Chrono Boost)  
  44  3:55  Pylon  
  46  4:07  Nexus  
  46  4:10  Pylon  
  46  4:14  Probe (Chrono Boost)  
  46  4:15  Phoenix, Probe (Chrono Boost)  
  48  4:26  Assimilator  
  48  4:28  Probe (Chrono Boost)  
  48  4:30  Assimilator, Probe (Chrono Boost)  
  50  4:36  Robotics Facility  
  51  4:40  Probe (Chrono Boost)  
  51  4:41  Probe (Chrono Boost)  
  51  4:44  Pylon  
  51  4:45  Phoenix  
  52  4:51  Probe (Chrono Boost)  
  52  4:52  Probe (Chrono Boost)  
  56  5:02  Probe (Chrono Boost)  
  56  5:04  Probe (Chrono Boost)  
  56  5:05  Adept  
  60  5:10  Phoenix  
  60  5:12  Probe (Chrono Boost)  
  63  5:16  Probe (Chrono Boost)  
  63  5:18  Twilight Council  
  63  5:19  Probe (Chrono Boost)  
  65  5:23  Observer  
  65  5:25  Forge  
  66  5:32  Adept  
  66  5:34  Probe x2 (Chrono Boost)  
  71  5:35  Probe (Chrono Boost)  
  71  5:43  Pylon  
  71  5:44  Resonating Glaives, Observer, Phoenix  
  71  5:45  Protoss Ground Weapons Level 1, Probe (Chrono Boost)  
  75  5:51  Gateway  
  75  5:52  Gateway  
  75  5:55  Gateway  
  75  6:08  Gateway  
  75  6:13  Gateway  
  75  6:17  Gateway  
  75  6:19  Adept  
  75  6:22  Gateway  
  77  6:26  Phoenix  
  81  6:33  Pylon  
  81  6:34  Probe x3 (Chrono Boost)  
  82  6:40  Pylon  
  82  6:42  Pylon  
  82  6:46  Probe x2 (Chrono Boost)  
  82  6:47  Probe (Chrono Boost)  
  85  6:49  Adept x2  
  85  6:51  Phoenix  
  85  6:52  Adept  
  92  6:56  Adept  
  92  6:58  Observer  
  95  7:03  Pylon  
  95  7:07  Adept  
  97  7:16  Phoenix  
  97  7:21  Adept x3  
  97  7:22  Adept x3  
  111  7:27  Adept  
  100  7:41  Phoenix  
  100  7:43  Adept x2  
  100  7:44  Adept x3  
  90  7:59  Adept  
  90  8:00  Adept x2  
  90  8:05  Adept x2  
  100  8:06  Phoenix  
  70  8:28  Adept x6  
  70  8:31  Phoenix  
  84  8:38  Adept x2  
  87  9:01  Phoenix  
  89  9:07  Nexus  
  89  9:10  Adept x3  
  89  9:11  Adept  
  97  9:29  Phoenix  
  97  9:38  Observer  
  91  9:44  Adept x5  
  91  9:45  Adept  
  103  9:53  Adept  
  103  9:54  Adept  
  103  9:56  Phoenix  
  103  9:57  Protoss Ground Armor Level 1  
  109  10:12  Pylon  
  109  10:14  Pylon  
  109  10:15  Observer  
  110  10:25  Adept x3  
  116  10:35  Adept  
  118  10:40  Adept  
  118  10:42  Adept  
  122  10:48  Adept  
  124  10:50  Observer  
  124  10:55  Adept x2  
  128  11:04  Phoenix  
  126  11:22  Adept x4  
  134  11:36  Adept x3  
  62  12:27  Adept x8  
  72  12:34  Phoenix  
  62  12:49  Adept x2  
  62  12:50  Adept x6  
  78  12:55  Observer  
  81  13:10  Adept x3  
  85  13:15  Adept  
Show
View Real Time Build Order
Export as new Build Order

INnoVation Terran - Winner!

Build Orders: Reaper Expand, MMM Bio 

Get SALT Encoding   

  12  0:00  SCV  
  13  0:12  SCV  
  14  0:17  Supply Depot  
  14  0:24  SCV  
  15  0:28  Refinery  
  15  0:39  SCV  
  16  0:45  Barracks  
  16  0:51  SCV  
  17  1:03  SCV  
  18  1:15  SCV  
  19  1:31  Orbital Command  
  19  1:32  Reaper  
  20  1:45  Command Center  
  20  1:55  Factory  
  20  1:59  SCV  
  21  2:06  Barracks Reactor  
  21  2:11  SCV  
  21  2:13  Refinery  
  22  2:16  Supply Depot  
  22  2:23  SCV  
  23  2:38  SCV  
  23  2:41  Starport  
  23  2:42  Marine x2  
  26  2:46  Widow Mine  
  26  2:50  SCV  
  29  2:56  Orbital Command  
  29  3:02  SCV  
  29  3:05  Marine x2  
  32  3:14  Widow Mine  
  32  3:18  Medivac  
  36  3:22  Marine x2  
  36  3:24  Supply Depot  
  37  3:33  SCV  
  38  3:44  SCV  
  38  3:45  Marine x2  
  38  3:47  Supply Depot  
  40  3:49  Widow Mine  
  40  3:55  Supply Depot  
  43  3:57  Medivac  
  43  3:58  SCV x2  
  45  4:05  Marine  
  45  4:09  Marine  
  47  4:10  SCV x2  
  47  4:14  Barracks  
  49  4:23  SCV x2  
  51  4:26  Barracks  
  51  4:27  Marine x2  
  53  4:33  Engineering Bay  
  53  4:35  SCV  
  53  4:36  SCV  
  55  4:39  Factory Tech Lab  
  55  4:40  Starport Tech Lab  
  55  4:43  Supply Depot  
  55  4:48  SCV x2  
  55  4:50  Marine  
  55  4:51  Marine  
  59  5:00  SCV  
  59  5:01  SCV  
  61  5:10  Stimpack  
  61  5:11  Terran Infantry Weapons Level 1  
  61  5:12  SCV  
  61  5:13  SCV  
  62  5:15  Marine x2  
  62  5:16  Marine  
  63  5:23  Combat Shields  
  63  5:24  Starport Reactor, SCV, Factory Reactor  
  63  5:25  SCV  
  65  5:32  Supply Depot x2  
  65  5:36  Marine x3, SCV  
  65  5:37  SCV  
  65  5:41  Refinery  
  65  5:42  Refinery  
  70  5:47  Supply Depot  
  70  5:53  Marine x2, SCV x2  
  70  5:54  Marine x2  
  76  5:59  Supply Depot  
  76  6:01  Widow Mine x2  
  76  6:02  Medivac x2  
  84  6:05  SCV x2  
  84  6:10  Supply Depot  
  84  6:13  Marauder x2  
  84  6:15  Liberator, Marine  
  84  6:16  Liberator  
  89  6:22  Supply Depot  
  89  6:30  Widow Mine x2  
  98  6:40  Missile Turret  
  98  6:41  Marine x2, Marauder x2  
  98  6:44  Supply Depot  
  104  6:47  Concussive Shells  
  104  6:58  Widow Mine x2  
  104  6:59  Marine x2  
  111  7:03  Marauder x2  
  111  7:05  Liberator  
  111  7:07  Terran Infantry Armor Level 1  
  114  7:11  Supply Depot  
  114  7:15  Liberator  
  114  7:17  Marine x2  
  118  7:24  Marauder x2  
  118  7:29  Supply Depot  
  122  7:31  Missile Turret  
  121  7:41  Marine x2  
  112  7:45  Marauder  
  112  7:46  Widow Mine x2, Marauder  
  97  8:03  Marine x2  
  97  8:07  Marauder x2, Medivac  
  97  8:10  Missile Turret  
  103  8:15  Medivac  
  91  8:21  Marine x2  
  91  8:25  Widow Mine x2  
  87  8:28  Marauder x2  
  89  8:37  Command Center  
  89  8:46  Marine x2  
  91  8:51  Barracks  
  91  8:53  Medivac, Barracks  
  91  8:54  Medivac  
  95  8:58  Widow Mine x2  
  94  9:05  Marine x2  
  94  9:06  Marine x2  
  94  9:08  SCV  
  94  9:09  SCV  
  99  9:10  Liberator  
  99  9:11  Liberator  
  99  9:22  SCV x2  
  99  9:23  Marine x2  
  102  9:24  Marine x2  
  102  9:30  Widow Mine x2  
  111  9:38  Supply Depot  
  111  9:41  SCV x2  
  111  9:42  Barracks Tech Lab  
  113  9:48  Marine x2, Marauder x2  
  113  9:52  Orbital Command  
  119  9:54  SCV  
  119  9:55  SCV  
  121  10:01  Widow Mine x2  
  121  10:03  Barracks Reactor  
  123  10:10  Marauder x2  
  123  10:13  Liberator  
  125  10:15  Orbital Command  
  125  10:16  Marine x2  
  125  10:17  Liberator  
  125  10:18  SCV x2  
  133  10:41  Missile Turret  
  133  10:44  Marauder x2  
  133  10:46  Marauder  
  133  10:49  Marine x3  
  140  10:51  Marine  
  143  10:57  Widow Mine x2, Missile Turret  
  143  11:02  Supply Depot  
  147  11:09  Missile Turret  
  147  11:11  Marauder x3  
  150  11:12  Marine x4  
  145  11:25  Refinery  
  143  11:26  Widow Mine x2, Refinery  
  146  11:35  Liberator x2  
  146  11:38  Marine x4, Marauder x3  
  146  11:39  Missile Turret  
  156  11:54  Widow Mine  
  156  11:55  Widow Mine  
  156  11:58  Supply Depot  
  156  11:59  Marauder  
  132  12:16  Marine x4, Marauder x2  
  132  12:21  Marauder  
  123  12:23  Widow Mine x2  
  119  12:30  SCV x3  
  119  12:34  Medivac  
  119  12:35  Medivac  
  119  12:41  Marauder x2  
  119  12:42  Marine, Marauder  
  119  12:43  Marine  
  127  12:48  Marine x2  
  129  12:54  SCV x2  

Tags
 
Add a new tag
Caveats
  • Supply blocks, unpowered buildings, or Contaminate may cause inaccurate times.
  • Supply counts are checked every 10 seconds.